 Dungeon Crawl Stone Soup version 0.29.1-12-g30fa7ad0bf (webtiles) character file.

Game seed: 15830992099962916411

1056 styxcanada the Covert (level 8, -1/39 HPs)
             Began as a Spriggan Brigand on Jan 4, 2023.
             Was an Initiate of Gozag.
             Killed by divine providence
             ... invoked by an orc priest
              (16 damage)
             ... on level 5 of the Dungeon.
             The game lasted 00:25:09 (6176 turns).

styxcanada the Covert (Spriggan Brigand)            Turns: 6176, Time: 00:25:10

Health: -1/39      AC: 17    Str:  7    XL:     8   Next: 6%
Magic:  12/14      EV: 23    Int: 12    God:    Gozag
Gold:   201        SH:  0    Dex: 19    Spells: 12/14 levels left

rFire   + . .      SeeInvis +   a - +2 dagger (protect)
rCold   . . .      Faith    .   (no shield)
rNeg    . . .      Spirit   .   n - +2 robe {rF+}
rPois   .          Reflect  .   (helmet restricted)
rElec   .          Harm     .   c - +1 cloak
rCorr   .          Rampage  .   (gloves unavailable)
Will    +....                   (boots unavailable)
Stlth   +++++.....              g - amulet of the acrobat
HPRegen 0.13/turn               m - +4 ring of protection
MPRegen 0.14/turn               y - +4 ring of evasion

@: gold aura, under a protective aura, very quick
A: very small, no large weapons, unfitting armour, see invisible, speed 3
a: Renounce Religion, Potion Petition, Call Merchant, Bribe Branch


You were on level 5 of the Dungeon.
You worshipped Gozag.
Gozag was aware of your devotion.
You visited 2 branches of the dungeon, and saw 6 of its levels.

You collected 322 gold pieces.
You spent 28 gold pieces at shops.
You paid 93 gold pieces to Gozag.

Inventory:

Hand Weapons
 a - a +2 dagger of protection (weapon)
 q - a +1 sling of chaos
 x - a +1 flail of holy wrath
Missiles
 d - 6 poisoned darts (quivered)
 e - 3 curare-tipped darts
Armour
 c - a +1 cloak (worn)
 n - a +2 robe of fire resistance (worn)
Jewellery
 b - a +4 ring of protection
 g - an amulet of the acrobat (around neck)
 h - a ring of magical power
 k - a ring of protection from fire
 m - a +4 ring of protection (left hand)
 t - a ring of protection from cold
 w - a ring of protection from cold
 y - a +4 ring of evasion (right hand)
Scrolls
 o - 3 scrolls of blinking
 r - 3 scrolls of magic mapping
 v - a scroll of immolation
 z - 2 scrolls of silence {unknown}
Potions
 f - 2 potions of mutation
 i - 4 potions of heal wounds
 j - a potion of flight
 l - a potion of might
 p - a potion of lignification
 s - a potion of brilliance
 u - 2 potions of curing {unknown}


   Skills:
 * Level 2.8 Fighting
 + Level 3.5 Short Blades
 + Level 1.7 Ranged Weapons
 + Level 2.8 Throwing
 * Level 4.2 Dodging
 * Level 9.6 Stealth
 * Level 3.7 Spellcasting
 * Level 3.4 Hexes
 * Level 2.2 Ice Magic


You had 12 spell levels left.
You knew the following spells:

 Your Spells              Type           Power      Damage    Failure   Level
a - Ensorcelled Hibernat  Hex/Ice        16%        N/A       11%         2

Your spell library contained the following spells:

 Spells                   Type           Power      Damage    Failure   Level
 Tukima's Dance           Hex            10%        N/A       17%         3
 Passwall                 Tmut/Erth      1%         N/A       34%         2
 Portal Projectile        Hex/Tloc       12%        N/A       34%         3
 Call Canine Familiar     Summ           2%         N/A       56%         3
 Gell's Gravitas          Tloc           2%         N/A       56%         3
 Lesser Beckoning         Tloc           2%         N/A       56%         3
 Swiftness                Air            2%         N/A       56%         3
 Teleport Other           Tloc           2%         N/A       56%         3
 Leda's Liquefaction      Hex/Erth       3%         N/A       75%         4
 Blade Hands              Tmut           1%         N/A       99%         5


Dungeon Overview and Level Annotations

Branches:
Dungeon (5/15)             Temple (1/1) D:4

Altars:
Ashenzari
Cheibriados
Dithmenos
Elyvilon
Fedhas
Gozag
Hepliaklqana
Kikubaaqudgha
Makhleb
Okawaru
Qazlal
Ru
Sif Muna
Vehumet
Wu Jian
Yredelemnul
Zin

Shops:
D:5 *

Annotations:
D:5 xzight's ghost, amateur GnWr


Innate Abilities, Weirdness & Mutations

You are very small and have problems with some larger weapons.
You are too small for most types of armour.
You have supernaturally acute eyesight. (SInv)
You cover ground extremely quickly. (Speed+++)


Message History

The orc barely misses you.
You hit the orc but do no damage.
The orc is moderately wounded.
The orc hits you but does no damage.
You hit the orc.
The orc is severely wounded.
You closely miss the orc.
The orc is severely wounded.
The orc closely misses you.
You closely miss the orc.
The orc is severely wounded.
The orc hits you but does no damage.
The orc priest is distracted by your dazzling golden aura.
You barely miss the orc. Your punch misses the orc.
The orc is severely wounded.
The orc is distracted by your dazzling golden aura.
You strike the helpless orc from behind!
You impale the orc!!
You kill the orc!
Throw: 7 darts (poison)
Press: ? - help, Q - select action, (/) - cycle Shift-Dir - straight line, f - orc
Aim: an orc, wielding a +0 hand axe and wearing a +0 leather armour (63% to hit)
You throw a poisoned dart. The poisoned dart hits the orc.
The orc is poisoned.
Casting: Ensorcelled Hibernation (safe; 11% risk of failure)
Confirm with . or Enter, or press ? or * to list all spells.
Aiming: Ensorcelled Hibernation (safe; 11% risk of failure)
Press: ? - help, Shift-Dir - straight line, f/p - orc
Aim: an orc, wielding a +0 hand axe and wearing a +0 leather armour (poisoned, chance to affect: 59%)
The orc resists with significant effort.
The orc priest is no longer distracted by gold.
The orc hits you but does no damage.
You hit the orc.
The orc is moderately wounded.
The orc misses you.
You hit the orc.
You kill the orc!
The orc priest calls down the wrath of Beogh upon you.
Beogh smites you!
You die...
Your body crumbles into a pile of gold.

..#..#..#8..#.#####.#
###oo#..##..#.....#.#
.....#o..o.8##>##.#.#
.##.8####### #.##.#.#
(...o(.o...# #......#
###..#.#.########...#
.......(......# ##.##
.....###o...#.####.#
#.#..#∩#.#.#.o(o@(.#
#....#'#.<.#..####.#
#.#.#..#.#.#.....#.#
#.#.#..#.....#.#####
#.#....#.#.....#
....#....#...###
..............#
.#....#.......#
.(.##.#.......#


You could see an orc priest and an orc.

Vanquished Creatures
  Sigmund (D:4)
  2 phantoms (D:5)
  A necrophage (D:4)
  2 scorpions
  A howler monkey (D:5)
  3 hounds
  3 orc priests
  Jessica (D:2)
  An iguana (D:4)
  4 gnolls (D:5)
  9 adders
  An ufetubus (D:5)
  3 worms
  14 orcs
  5 endoplasms
  3 giant cockroaches
  4 goblins
  7 hobgoblins
  5 jackals
  4 kobolds
  3 quokkas
  11 ball pythons
  4 bats
  9 rats
101 creatures vanquished.

Vanquished Creatures (collateral kills)
  An ogre (D:5)
1 creature vanquished.

Vanquished Creatures (others)
  15 fungi (D:5)
15 creatures vanquished.

Grand Total: 117 creatures vanquished

Notes
Turn   | Place    | Note
-------+----------+-------------------------------------------
     0 | D:1      | styxcanada the Spriggan Brigand began the quest for the
                  | Orb.
     0 | D:1      | Reached XP level 1. HP: 10/10 MP: 2/2
    40 | D:1      | Reached skill level 6 in Stealth
   558 | D:1      | Reached XP level 2. HP: 15/15 MP: 3/3
   790 | D:1      | Reached skill level 1 in Spellcasting
   794 | D:1      | Learned a level 2 spell: Ensorcelled Hibernation
  1173 | D:2      | Reached XP level 3. HP: 18/18 MP: 5/5
  1688 | D:2      | Noticed Jessica
  1691 | D:2      | Killed Jessica
  1692 | D:2      | Reached skill level 7 in Stealth
  1692 | D:2      | Reached skill level 1 in Hexes
  1692 | D:2      | Reached XP level 4. HP: 23/23 MP: 7/7
  1899 | D:3      | Found a snail-covered altar of Cheibriados.
  1899 | D:3      | Found a faded altar of an unknown god.
  1904 | D:3      | Found a faded altar of an unknown god.
  1921 | D:3      | Reached XP level 5. HP: 26/26 MP: 7/9
  1948 | D:3      | Found a glowing silver altar of Zin.
  1949 | D:3      | Found an ornate altar of the Wu Jian Council.
  2034 | D:3      | Found an iron altar of Okawaru.
  2919 | D:4      | Reached skill level 1 in Ice Magic
  3047 | D:4      | Reached skill level 8 in Stealth
  3047 | D:4      | Reached XP level 6. HP: 30/30 MP: 10/10
  3123 | D:4      | Found a staircase to the Ecumenical Temple.
  3132 | Temple   | Entered the Ecumenical Temple
  3529 | D:4      | Noticed Sigmund
  3549 | D:4      | Killed Sigmund
  4080 | D:4      | Reached skill level 1 in Ranged Weapons
  4088 | D:4      | Reached XP level 7. HP: 35/35 MP: 12/12
  4147 | D:5      | Entered Level 5 of the Dungeon
  4795 | D:5      | Found a runed translucent gate.
  4795 | D:5      | Found a runed translucent gate.
  4795 | D:5      | Found Nammilir's General Store.
  4795 | D:5      | Found a runed translucent gate.
  4795 | D:5      | Noticed xzight's ghost (amateur GnWr)
  4808 | D:5      | Bought a scroll of identify for 28 gold pieces
  4958 | D:5      | Reached skill level 9 in Stealth
  5632 | D:5      | Identified the +6 whip of the Charming Traitor {vorpal,
                  | rPois rN++}
  5713 | D:5      | Found an opulent altar of Gozag.
  5718 | D:5      | Became a worshipper of Gozag Ym Sagoz the Greedy
  5749 | D:5      | Reached XP level 8. HP: 26/39 MP: 10/14
  6176 | D:5      | Killed from afar by an orc priest

Illustrated notes

Levels and vault maps discovered:
D:1:      scummos_arrival_forest, layout_loops_cross
D:2:      minmay_chambers_of_twos, layout_basic, kennysheep_generic_room_16,
          uniq_jessica
D:3:      layout_loops_cross, chequers_temple_overflow_minitemple,
          mainiacjoe_overflow_catwalk
D:4:      layout_basic, minmay_temple_entry_drinking_statues, uniq_sigmund
D:5:      layout_basic, grunt_gozag_breadcrumbs, serial_aquarium,
          aquarium_bridge_island_small [aquarium_subvault_small_open,
          aquarium_subvault_bridge, aquarium_subvault_wall,
          aquarium_subvault_wall, aquarium_subvault_bridge],
          aquarium_window_fake, aquarium_window_2, aquarium_window_corner,
          aquarium_window_fake, aquarium_view_2c, aquarium_view_2c,
          biasface_ghost_orc_armoury, serial_shops,
          nicolae_shop_window_shopping, hangedman_decor_riveting
Temple:   minmay_temple_forest_path

Skill      XL: |  1  2  3  4  5  6  7 |
---------------+----------------------+-----
Stealth        | 6 7 8 9 |  9.6
Spellcasting   | 1 2 3 |  3.7
Hexes          | 1 2 3 |  3.4
Dodging        | 2 3 4 |  4.2
Fighting       | 2 |  2.8
Ice Magic      | 1 2 |  2.2
Short Blades   | 3 |  3.5
Ranged Weapons | 1 |  1.7
Throwing       | |  2.8

Action                   |  1- 3 |  4- 6 |  7- 9 || total
-------------------------+-------+-------+-------++-------
Melee: Dagger            |    94 |   121 |   146 ||   361
       Punch             |     1 |     2 |     4 ||     7
 Fire: Sling             |       |    33 |       ||    33
Throw: Dart              |    13 |    33 |    19 ||    65
 Cast: Ensorcelled Hiber |       |       |     6 ||     6
  Use: Scroll            |     7 |     9 |     5 ||    21
 Stab: Distracted        |     1 |       |     1 ||     2
       Sleeping          |    13 |     7 |     7 ||    27
Armor: Robe              |    10 |    25 |    29 ||    64
Dodge: Dodged            |    59 |    93 |   116 ||   268
